 Dungeon Crawl Stone Soup version 0.25-a0-424-g80bd347ae0 (webtiles) character file.

Game seed: 14853671432410938878, levelgen mode: deterministic

7 kae the Insei (level 1, 11/15 HPs)
             Began as a Demigod Transmuter on Jan 23, 2020.
             Quit the game on level 1 of the Dungeon.
             The game lasted 00:00:08 (74 turns).

kae the Insei (Demigod Transmuter)                    Turns: 74, Time: 00:00:08

Health: 11/15      AC:  2    Str: 13    XL:     1   Next: 66%
Magic:  5/5        EV: 12    Int: 17    God:
Gold:   3          SH:  0    Dex: 16    Spells: 2/3 levels left

rFire    . . .     SeeInvis .     - Unarmed
rCold    . . .     Gourm    .   (no shield)
rNeg     . . .     Faith    .   b - +0 robe
rPois    .         Spirit   .   (no helmet)
rElec    .         Reflect  .   (no cloak)
rCorr    .         Harm     .   (no gloves)
MR       .....                  (no boots)
Stlth    +.........             (no amulet)
HPRegen  0.05/turn              (no ring)
MPRegen  0.09/turn              (no ring)

@: no status effects
A: high mp 1
a: no special abilities


You were on level 1 of the Dungeon.
You were not hungry.

You visited 1 branch of the dungeon, and saw 1 of its levels.

You collected 3 gold pieces.

Inventory:

Missiles
 a - 12 arrows
Armour
 b - a +0 robe (worn)
Comestibles
 d - a ration


   Skills:
 - Level 0.8 Fighting
 - Level 1.7 Dodging
 - Level 2.6 Unarmed Combat
 + Level 1.9 Spellcasting
 * Level 2.2 Transmutations


You had 2 spell levels left.
You knew the following spells:

 Your Spells              Type           Power        Failure   Level  Hunger
a - Beastly Appendage     Tmut           #.....       8%          1    #......

Your spell library contained the following spells:

 Spells                   Type           Power        Failure   Level  Hunger
 Sticks to Snakes         Tmut           #.......     12%         2    ###....
 Spider Form              Tmut/Pois      #.........   36%         3    ###....
 Ice Form                 Ice/Tmut       #.......     77%         4    #####..
 Blade Hands              Tmut           #.........   91%         5    ######.


Dungeon Overview and Level Annotations

Branches:
Dungeon (1/15)


Innate Abilities, Weirdness & Mutations

You have an increased reservoir of magic. (+10% MP)


Message History

The bat is severely wounded.
The bat completely misses you. The bat hits you but does no damage.
The bat barely misses you.
You hit the bat.
You kill the bat!
You closely miss the frilled lizard.
Your headbutt misses the frilled lizard.
The frilled lizard barely misses you.
You miss the frilled lizard. The frilled lizard closely misses you.
You hit the frilled lizard but do no damage.
The frilled lizard bites you but does no damage.
You barely miss the frilled lizard. The frilled lizard misses you.
You barely miss the frilled lizard.
The frilled lizard bites you but does no damage.
You hit the frilled lizard.
You kill the frilled lizard!
Your horns disappear.
Things that are here:
a frilled lizard corpse; a bat corpse Are you sure you want to abandon this character and quit the game? (Confirm with "yes".)

..............
###############
.......>..#. #....)...
#.#......## #......#.#
###.#####..#######..#.#
........#...........#.#
#@##.########.#.#
#.##.# #...# #.##.#
#...# #†##.# #...#
#.##.###### ##..#
#.........####..#
#..........†....#
#.........#####..#
#.........# ...


There were no monsters in sight!

Vanquished Creatures
  A dart slug (D:1)
  A goblin (D:1)
  A hobgoblin (D:1)
  A bat (D:1)
  A frilled lizard (D:1)
5 creatures vanquished.

Notes
Turn   | Place    | Note
-------+----------+-------------------------------------------
     0 | D:1      | kae the Demigod Transmuter began the quest for the Orb.
     0 | D:1      | Reached XP level 1. HP: 15/15 MP: 5/5
    74 | D:1      | Quit the game

Levels and vault maps discovered:
D:1:      dpeg_arrival_line_fractal, layout_basic, minmay_misc_feat_diagonals,
          hangedman_decor_lopped, nemelex_diamond_rough_becter

Skill      XL: |  1 |
---------------+----+-----
Transmutations | 2 |  2.2
Fighting       | |  0.8
Dodging        | |  1.7
Unarmed Combat | |  2.6
Spellcasting   | |  1.9

Action                   || total
-------------------------++-------
Melee: Unarmed           ||    22
       Kick              ||     1
 Cast: Beastly Appendage ||     2
Armor: Robe              ||    13
Dodge: Dodged            ||    17

Table legend:
 A = Non-vault XP
 B = Vault XP
 C = Vault XP percentage of total XP
 D = Non-vault monster count
 E = Vault monster count
 F = Vault count percentage of total count
                 A         B        C        D         E       F
            +---------+---------+-------+---------+---------+-------
      Total |      10 |       0 |   0.0 |       5 |       0 |   0.0
            +---------+---------+-------+---------+---------+-------
        D:1 |      10 |       0 |   0.0 |       5 |       0 |   0.0
            +---------+---------+-------+---------+---------+-------
